 Dungeon Crawl Stone Soup version 0.27-a0-1105-g946c659c87 (webtiles) character file.

Game seed: 5703205372381448730

53 spiderkeys the Slasher (level 3, -4/28 HPs)
             Began as a Demonspawn Gladiator on Apr 30, 2021.
             Splashed by a jelly's acid (8 damage)
             ... on level 2 of the Dungeon.
             The game lasted 00:03:14 (1976 turns).

spiderkeys the Slasher (Demonspawn Gladiator)       Turns: 1976, Time: 00:03:15

Health: -4/28      AC:  1    Str: 15    XL:     3   Next: 64%
Magic:  3/3        EV: 12    Int:  9    God:
Gold:   33         SH:  0    Dex: 14    Spells: 2/2 levels left

rFire    . . .     SeeInvis .   a - +0 long sword
rCold    . . .     Faith    .   (no shield)
rNeg     . . .     Spirit   .   b - +0 leather armour
rPois    .         Reflect  .   (helmet restricted)
rElec    .         Harm     .   (no cloak)
rCorr    .         Rampage  .   (no gloves)
Will     .....                  (no boots)
Stlth    +.........             (no amulet)
HPRegen  0.09/turn              (no ring)
MPRegen  0.08/turn              (no ring)

@: corroded
A: antennae 1, thin metallic scales 1
a: no special abilities


You were on level 2 of the Dungeon.
You visited 1 branch of the dungeon, and saw 2 of its levels.

You collected 33 gold pieces.


Innate Abilities, Weirdness & Mutations

You have a pair of small antennae on your head.
You are partially covered in thin metallic scales. (AC +2)


   Skills:
 + Level 2.5 Fighting
 * Level 3.4 Long Blades
 + Level 2.2 Throwing
 + Level 1.1 Armour
 - Level 2.6 Dodging


You had 2 spell levels left.
You didn't know any spells.
Your spell library contained the following spells:

 Spells                   Type           Power      Damage    Failure   Level
 Beastly Appendage        Tmut           0%         N/A       45%         1
 Magic Dart               Conj           0%         1d3       45%         1
 Searing Ray              Conj           0%         3d3       58%         2
 Wereblood                Tmut           0%         N/A       58%         2
 Dazzling Flash           Conj/Hex       0%         N/A       83%         3
 Spider Form              Tmut/Pois      0%         N/A       83%         3
 Fulminant Prism          Conj/Hex       0%         3d6       99%         4
 Ice Form                 Ice/Tmut       0%         N/A       99%         4
 Iskenderun's Mystic Bla  Conj/Tloc      0%         2d3       99%         4
 Hydra Form               Tmut           0%         N/A       100%        5

Inventory:

Hand Weapons
 a - a +0 long sword (weapon)
Missiles
 d - 3 throwing nets (quivered) {=f!f}
 e - 62 stones
 f - 31 arrows
Armour
 b - a +0 leather armour (worn)
 c - a +0 helmet
Scrolls
 h - 2 scrolls of teleportation {@r4}
Potions
 g - a potion of haste {@q3}

Dungeon Overview and Level Annotations

Branches:
Dungeon (2/15)

Altars:

###. ..#.# #.#.# .#
#.#.# .# #J#.####.#
#@#.#....# # .. #
#.#......# ..
....#.#.#......#.##
........#..♣P......
....#............##
.. #####.#..#####
............#
#........##.#
#........##.#


You could see a jelly.


Message History

You feel sick.
You feel sick.
You feel sick.
You feel sick.
You are no longer poisoned.
You hear a distant slurping noise.
You now have 33 gold pieces (gained 8).
There is a fountain of clear blue water here.
You sense a monster nearby. 😎 HP[+20]
Your hp is fully restored (28).
No target in view!
No target in view! 3 jackals come into view.
The jackal barks! x2
The jackal closely misses you.
You barely miss the jackal. The jackal closely misses you. x2
The jackal bites you but does no damage.
You barely miss the jackal. The jackal misses you.
The jackal bites you but does no damage.
The jackal bites you. 😕 HP[-2]
You take 2 damage, and now have 26/28 hp.
You barely miss the jackal. The jackal misses you.
The jackal closely misses you.
The jackal bites you but does no damage.
You barely miss the jackal. The jackal barely misses you.
The jackal closely misses you.
You riposte.
You slash the jackal!
You kill the jackal!
You closely miss the jackal. The jackal barely misses you.
The jackal bites you.
The jackal stops to sniff the ground.
The jackal bites you. The jackal misses you.
You riposte.
Your leather armour prevents you from hitting the jackal. 😕 HP[-3]
You take 3 damage, and now have 23/28 hp.
You hit the jackal.
The jackal bites you but does no damage.
The jackal misses you.
You riposte.
You hit the jackal.
You kill the jackal!
The jackal barely misses you.
You riposte.
You barely miss the jackal. 😕 HP[+1]
You closely miss the jackal. The jackal barely misses you.
The jackal misses you.
You closely miss the jackal. The jackal barely misses you.
You hit the jackal but do no damage.
The jackal bites you but does no damage.
The jackal misses you.
You hit the jackal. The jackal closely misses you.
The jackal bites you but does no damage.
You slash the jackal!
You kill the jackal!
You hear a distant slurping noise.
A worm comes into view. 😎 HP[+4]
Your hp is fully restored (28).
A worm is nearby!
A worm is nearby!
A worm is nearby!
You completely miss the worm. The worm bites you. 😕 HP[-5]
You take 5 damage, and now have 23/28 hp.
You hit the worm but do no damage. You slash the worm!
The worm closely misses you.
You riposte.
You slash the worm! You hit the worm. The worm closely misses you.
You riposte.
You hit the worm. You hit the worm.
You kill the worm!
No target in view!
No target in view!
You see here a worm corpse.
You open the door.
There is an open door here.
Key pressed, stopping explore.
f - 31 arrows (gained 13)
You pick up a book of Changes and begin reading...
You add the spells Beastly Appendage, Wereblood, Spider Form, Ice Form and Hydra Form to your library. 😎 HP[+5]
Your hp is fully restored (28).
A jelly comes into view.
The jelly quivers.
You slash the jelly!
Your hands burn!
The jelly barely misses you. 😕 HP[-2]
You take 2 damage, and now have 26/28 hp.
You barely miss the jelly. The jelly barely misses you. 😕 HP[+1]
You hit the jelly. The acid corrodes you!
Your hands burn!
The jelly hits you. The acid corrodes you!
You are splashed with acid!
* * * LOW HITPOINT WARNING * * *
The jelly hits you.
* * * LOW HITPOINT WARNING * * *
You are splashed with acid.
* * * LOW HITPOINT WARNING * * *
😱 HP[-21]
You take 21 damage, and now have 6/28 hp.
MASSIVE DAMAGE!! (PAUSE)
You barely miss the jelly. The jelly hits you.
* * * LOW HITPOINT WARNING * * *
You are splashed with acid!
You die...

Skill      XL: |  1  2  3 |
---------------+----------+-----
Long Blades    | 3 |  3.4
Throwing       | 2 |  2.2
Armour         | 1 |  1.1
Fighting       | |  2.5
Dodging        | |  2.6

Action                   || total
-------------------------++-------
Melee: Long sword        ||   102
  Use: Scroll            ||     3
       Potion            ||     2
 Stab: Sleeping          ||     1
Armor: Leather armour    ||    36
Dodge: Dodged            ||    85
       Rpst.: Long sword ||    27

Levels and vault maps discovered:
D:1:      heliophobic_arrival_ceremonial_halls, layout_loops_ring
D:2:      layout_basic, chequers_ecumenical_altar_simple_redux, serial_shops,
          shop, grunt_ministairs_6, serial_park_tiny_1,
          nicolae_underground_beach

Notes
Turn   | Place    | Note
-------+----------+-------------------------------------------
     0 | D:1      | spiderkeys the Demonspawn Gladiator began the quest for the
                  | Orb.
     0 | D:1      | Reached XP level 1. HP: 16/16 MP: 1/1
     0 | D:1      | magus.rc [v1.9.10]
    55 | D:1      | Gained mutation: You have a pair of small antennae on your
                  | head. [demonic ancestry]
    55 | D:1      | Reached XP level 2. HP: 15/22 MP: 2/2
   217 | D:1      | Reached skill level 3 in Long Blades
   217 | D:1      | Reached skill level 2 in Throwing
   597 | D:1      | HP: 5/23 [ball python (1)]
   908 | D:1      | Gained mutation: You are partially covered in thin metallic
                  | scales. (AC +2) [demonic ancestry]
   908 | D:1      | Reached XP level 3. HP: 28/28 MP: 3/3
  1165 | D:1      | You pick up a book of Conjurations and begin reading...
  1165 | D:1      | You add the spells Magic Dart, Searing Ray, Dazzling Flash,
                  | Fulminant Prism and Iskenderun's Mystic Blast to your
                  | library.
  1441 | D:1      | magus.rc [v1.9.10]
  1484 | D:2      | Reached skill level 1 in Armour
  1484 | D:2      | HP: 7/28 [poisoned by an adder]
  1488 | D:2      | HP: 3/28 [poisoned by an adder]
  1963 | D:2      | You pick up a book of Changes and begin reading...
  1963 | D:2      | You add the spells Beastly Appendage, Wereblood, Spider
                  | Form, Ice Form and Hydra Form to your library.
  1975 | D:2      | HP: 6/28 [acid (6)]
  1976 | D:2      | Splashed by a jelly's acid

Vanquished Creatures
  An adder (D:2)
  A worm (D:2)
  4 ball pythons (D:1)
  4 goblins (D:1)
  4 hobgoblins
  7 jackals
  4 kobolds (D:1)
  A quokka (D:1)
  5 bats (D:1)
  A frilled lizard (D:1)
  6 rats (D:1)
38 creatures vanquished.

Table legend:
 A = Non-vault XP
 B = Vault XP
 C = Vault XP percentage of total XP
 D = Non-vault monster count
 E = Vault monster count
 F = Vault count percentage of total count
                 A         B        C        D         E       F
            +---------+---------+-------+---------+---------+-------
      Total |      62 |      15 |  19.5 |      36 |       2 |   5.3
            +---------+---------+-------+---------+---------+-------
        D:1 |      51 |       0 |   0.0 |      32 |       0 |   0.0
        D:2 |      11 |      15 |  57.7 |       4 |       2 |  33.3
            +---------+---------+-------+---------+---------+-------

Illustrated notes

Table legend:
 A = Kills in this place as a percentage of kills in entire the game.
 B = Kills by you in this place as a percentage of kills by you in the entire game.
 C = Kills by friends in this place as a percentage of kills by friends in the entire game.
 D = Other kills in this place as a percentage of other kills in the entire game.
 E = Experience gained in this place as a percentage of experience gained in the entire game.
 F = Experience gained in this place divided by the number of levels of this place that you have seen.
                   A       B       C       D       E      F
               +-------+-------+-------+-------+-------+----------------------
         Total | 100.0 | 100.0 |   N/A |   N/A | 100.0 |  38.5
       Dungeon | 100.0 | 100.0 |   N/A |   N/A | 100.0 |  38.5
               +-------+-------+-------+-------+-------+----------------------

Table legend: (Time is in decaauts)
 A = Elapsed time spent in this place.
 B = Non-inter-level travel time spent in this place.
 C = Inter-level travel time spent in this place.
 D = Time resting spent in this place.
 E = Time spent auto-exploring this place.
 F = Levels seen in this place.
 G = Mean time per level.
                   A        B        C        D        E       F      G
               +--------+--------+--------+--------+--------+-----+--------+
         Total |   1999 |   1976 |     23 |    100 |   1641 |   2 |  999.5 |
       Dungeon |   1999 |   1976 |     23 |    100 |   1641 |   2 |  999.5 |
               +--------+--------+--------+--------+--------+-----+--------+

Top non-repeatable levels by time:
     D:1: 1481 daAuts
     D:2: 518 daAuts
